 Dungeon Crawl Stone Soup version 0.29-a0-1023-g6ae1a4a2c7 (webtiles) character file.

Game seed: 13709797901962656490

88 Newt the Chopper (level 4, 0/37 HPs)
             Began as a Palentonga Monk on Aug 11, 2022.
             Slain by a scorpion (2 damage)
             ... on level 3 of the Dungeon.
             The game lasted 00:04:09 (2404 turns).

Newt the Chopper (Palentonga Monk)                  Turns: 2404, Time: 00:04:09

Health: 0/37       AC:  7    Str: 17 (19) XL:     4   Next: 30%
Magic:  4/4        EV: 10    Int: 17 (19) God:
Gold:   139        SH:  0    Dex: 11 (12) Spells: 3/3 levels left

rFire   . . .      SeeInvis +   a - +0 hand axe
rCold   . . .      Faith    .   (no shield)
rNeg    . . .      Spirit   .   b - +0 robe
rPois   .          Reflect  .   f - +2 helmet {Int+3}
rElec   .          Harm     .   (no cloak)
rCorr   .          Rampage  .   (no gloves)
Will    +....                   (no barding)
Stlth   ++........              (no amulet)
HPRegen 0.12/turn               e - +6 ring of intelligence
MPRegen 0.09/turn               m - ring of willpower

@: lethally poisoned (0 -> -15)
A: large, rugged brown scales 3, see invisible, deformed body, roll 1, armoured
tail
a: Rolling Charge


You were on level 3 of the Dungeon.
You visited 1 branch of the dungeon, and saw 3 of its levels.

You collected 139 gold pieces.

Inventory:

Hand Weapons
 a - a +0 hand axe (weapon)
Missiles
 g - 4 poisoned darts
 i - 5 atropa-tipped darts
 l - 4 curare-tipped darts
Armour
 b - a +0 robe (worn)
 f - a +2 helmet of intelligence (worn)
Jewellery
 e - a +6 ring of intelligence (left hand)
 m - a ring of willpower (right hand)
Scrolls
 c - a scroll of teleportation
 d - a scroll of poison
 p - a scroll of silence {unknown}
Potions
 h - a potion of magic
 j - 2 potions of attraction
 k - a potion of degeneration
 n - a potion of flight {unknown}
 o - 2 potions of heal wounds {unknown}
 q - a potion of haste {unknown}


   Skills:
 * Level 3.2 Fighting
 - Level 5.0 Axes
 + Level 0.2 Armour
 - Level 2.4 Dodging
 - Level 1.2 Stealth


You had 3 spell levels left.
You didn't know any spells.
Your spell library was empty.

Dungeon Overview and Level Annotations

Branches:
Dungeon (3/15)

Altars:
Cheibriados
Trog


Innate Abilities, Weirdness & Mutations

You are completely covered in rugged brown scales. (AC +3, +7% HP)
You have supernaturally acute eyesight. (SInv)
Armour fits poorly on your strangely shaped body.
You can roll at nearby foes to attack.
You have a long armoured tail.


Message History

You are poisoned.
The scorpion poisons you!
You hit the scorpion.
The scorpion is moderately wounded.
You feel sick. The scorpion barely misses you.
You closely miss the scorpion.
The scorpion is moderately wounded.
You feel sick. The scorpion stings you.
You hit the scorpion.
You tail-slap the scorpion, but do no damage.
The scorpion is severely wounded.
You feel sick.
The scorpion stings you but does no damage.
The scorpion stings you.
You closely miss the scorpion.
Your tail-slap misses the scorpion.
The scorpion is severely wounded.
You feel sick. The scorpion stings you.
You are more poisoned.
The scorpion poisons you!
You closely miss the scorpion.
The scorpion is severely wounded.
You feel very sick. The scorpion stings you.
You are lethally poisoned!
The scorpion poisons you!
You hit the scorpion.
The scorpion is severely wounded.
* * * LOW HITPOINT WARNING * * *
You feel very sick.
The scorpion stings you but does no damage.
Unknown command.
It was a potion of degeneration.
There was something very wrong with that liquid.
You feel weakened.
You feel dopey.
You feel clumsy.
* * * LOW HITPOINT WARNING * * *
You feel very sick. The scorpion stings you.
* * * LOW HITPOINT WARNING * * *
The scorpion stings you.
You die...

.#.$...#..#
.#...$$#..# ###
.#######..###<#
........).....#
.#.##........#######
#.....####..........
.....................
...#....#.#...######.
.............@.......
..........###s#######
...####### #.# ##.
... ... #.... #....
#.....


You could see a scorpion.

Vanquished Creatures
  4 adders (D:2)
  A worm (D:2)
  2 dart slugs
  An orc (D:3)
  5 endoplasms
  4 giant cockroaches
  4 goblins
  3 hobgoblins (D:2)
  4 jackals (D:1)
  2 quokkas
  5 ball pythons
  2 bats
  A frilled lizard (D:2)
  2 kobolds
  A rat (D:1)
41 creatures vanquished.

Notes
Turn   | Place    | Note
-------+----------+-------------------------------------------
     0 | D:1      | Newt the Palentonga Monk began the quest for the Orb.
     0 | D:1      | Reached XP level 1. HP: 19/19 MP: 1/1
   259 | D:1      | Reached XP level 2. HP: 25/25 MP: 2/2
   610 | D:1      | Found a faded altar of an unknown god.
   671 | D:1      | Reached skill level 4 in Axes
   949 | D:2      | Found a snail-covered altar of Cheibriados.
  1059 | D:2      | Reached XP level 3. HP: 12/31 MP: 3/3
  1497 | D:2      | Reached skill level 5 in Axes
  1497 | D:2      | Reached XP level 4. HP: 36/37 MP: 4/4
  2374 | D:3      | Found a bloodstained altar of Trog.
  2394 | D:3      | Noticed a scorpion
  2404 | D:3      | Slain by a scorpion

Illustrated notes

Levels and vault maps discovered:
D:1:      eino_arrival_druids_welcome, layout_basic,
          shapermc_ecumenical_altar_ellora, due_unseen_surprise
D:2:      wander_river, layout_loops_corners, basic_altar, minmay_pentomino_w4
D:3:      layout_basic, nicolae_qazlal_scattered_showers, amcnicky_altar_gilded,
          tso_oasis_becter, st_stairs_10, minmay_ogre_servants

Skill      XL: |  1  2  3 |
---------------+----------+-----
Axes           | 4 5 |  5.0
Fighting       | |  3.2
Armour         | |  0.2
Dodging        | |  2.4
Stealth        | |  1.2

Action                   |  1- 3 |  4- 6 || total
-------------------------+-------+-------++-------
Melee: Hand axe          |    99 |    29 ||   128
       Tailslap          |    10 |     5 ||    15
 Abil: Rolling Charge    |     1 |     2 ||     3
  Use: Scroll            |     2 |     2 ||     4
       Potion            |     2 |     1 ||     3
 Stab: Sleeping          |     1 |     1 ||     2
Armor: Robe              |    57 |     8 ||    65
Dodge: Dodged            |    53 |    10 ||    63

Table legend: (Time is in decaauts)
 A = Elapsed time spent in this place.
 B = Non-inter-level travel time spent in this place.
 C = Inter-level travel time spent in this place.
 D = Time resting spent in this place.
 E = Time spent auto-exploring this place.
 F = Levels seen in this place.
 G = Mean time per level.
                   A        B        C        D        E       F      G
               +--------+--------+--------+--------+--------+-----+--------+
         Total |   2435 |   2376 |     59 |    620 |   1407 |   3 |  811.7 |
       Dungeon |   2435 |   2376 |     59 |    620 |   1407 |   3 |  811.7 |
               +--------+--------+--------+--------+--------+-----+--------+

Top non-repeatable levels by time:
     D:2: 1449 daAuts
     D:1: 954 daAuts
     D:3: 32 daAuts
